 Dungeon Crawl Stone Soup version 0.29-a0-643-ga013cefcf8 (webtiles) character file.

Game seed: 6885506068868256589

153 zeratav the Sneak (level 5, -3/30 HPs)
             Began as a Kobold Gladiator on June 20, 2022.
             Slain by an orc wizard
             ... wielding a +2 dagger of venom
              (5 damage)
             ... on level 4 of the Dungeon.
             The game lasted 00:04:13 (3376 turns).

zeratav the Sneak (Kobold Gladiator)                Turns: 3376, Time: 00:04:13

Health: -3/30      AC:  4    Str: 11    XL:     5   Next: 61%
Magic:  5/5        EV: 15    Int: 10    God:
Gold:   84         SH:  6    Dex: 18    Spells: 4/4 levels left

rFire   . . .      SeeInvis .   a - +0 rapier {short}
rCold   . . .      Faith    .   i - +0 buckler
rNeg    + . .      Spirit   .   b - +0 leather armour
rPois   .          Reflect  .   c - +0 helmet
rElec   .          Harm     .   (no cloak)
rCorr   .          Rampage  .   (no gloves)
Will    .....                   (no boots)
Stlth   ++++......              s - amulet of the acrobat
HPRegen 0.10/turn               r - ring of positive energy
MPRegen 0.09/turn               (no ring)

@: lethally poisoned (-3 -> -14)
A: small, no large weapons, nightstalker 3
a: no special abilities


You were on level 4 of the Dungeon.
You visited 1 branch of the dungeon, and saw 4 of its levels.

You collected 84 gold pieces.


Innate Abilities, Weirdness & Mutations

You are small and have problems with some larger weapons.
You are completely attuned to the shadows.


   Skills:
 - Level 2.1 Fighting
 - Level 4.0 Short Blades
 - Level 2.1 Throwing
 - Level 3.6 Dodging
 - Level 5.0 Stealth
 + Level 2.6 Shields


You had 4 spell levels left.
You didn't know any spells.
Your spell library contained the following spells:

 Spells                   Type           Power      Damage    Failure   Level
 Summon Small Mammal      Summ           0%         N/A       58%         1
 Call Canine Familiar     Summ           0%         N/A       92%         3
 Stone Arrow              Conj/Erth      0%         3d7       92%         3
 Summon Guardian Golem    Hex/Summ       0%         N/A       92%         3
 Airstrike                Air            0%         N/A       100%        4
 Animate Armour           Summ/Erth      0%         N/A       100%        4
 Summon Lightning Spire   Summ/Air       0%         N/A       100%        4
 Lightning Bolt           Conj/Air       0%         1d11      100%        5
 Lehudib's Crystal Spear  Conj/Erth      0%         10d2      100%        8

Inventory:

Hand Weapons
 a - a +0 rapier (weapon) {short}
Missiles
 d - 3 throwing nets (quivered) {=fthrowing}
 e - 3 boomerangs {throwing}
Armour
 b - a +0 leather armour (worn)
 c - a +0 helmet (worn)
 i - a +0 buckler (worn)
   (You found it on level 2 of the Dungeon)
Jewellery
 r - a ring of positive energy (left hand)
   (You found it on level 3 of the Dungeon)
 s - an amulet of the acrobat (around neck)
   (You found it on level 3 of the Dungeon)
Wands
 k - a wand of iceblast (12)
   (You found it on level 2 of the Dungeon)
Scrolls
 f - a scroll of fog {unknown}
 g - 6 scrolls of identify {unknown}
 m - a scroll of enchant weapon {unknown}
 o - a scroll of blinking {unknown}
 q - 2 scrolls of teleportation {unknown}
 v - a scroll of immolation {unknown}
Potions
 h - a potion of resistance {unknown}
 j - a potion of flight {unknown}
 l - a potion of degeneration {unknown}
 n - 2 potions of might {unknown}
 p - 2 potions of curing {unknown}
 t - a potion of magic {unknown}
 u - 2 potions of berserk rage {unknown}

Dungeon Overview and Level Annotations

Branches:
Dungeon (4/15) Zot: 20620
 Temple: D:4-7

Altars:
Fedhas
Yredelemnul

Annotations:
D:2 Sigmund

.## ..## #.. #o###
#@{.# ##o#.# #####).#
... .......####.#
#.####....... ...# #.#
#.####.####..# #)#
#.#.......#..# #.##
#.#.##.##.#..#####
#..###...#...#........#


You could see an orc wizard and an orc.


Message History

Things that are here:
a +0 flail {mace}; a +0 ring mail A rat comes into view.
The rat misses you.
You hit the rat.
You kill the rat!
No target in view!
You see here a rat corpse.
Done exploring.
Done exploring.
(D) Dungeon
Where to? (Enter - D:3, ? - help)
Things that are here:
a +0 flail {mace}; a +0 leather armour
There is a stone staircase leading down here.
You climb downwards.
There is a stone staircase leading up here.
A kobold is nearby!
Found a stone staircase leading up.
The helpless kobold fails to defend itself.
You impale the kobold!!
You kill the kobold!
No target in view!
Things that are here:
a +0 whip {mace}; a kobold corpse
u - 2 fizzy blue potions
Found a stone staircase leading down.
Found a stone staircase leading down.
There is a stone staircase leading down here.
A kobold comes into view. It is wielding a +0 whip.
The helpless kobold fails to defend itself.
You impale the kobold!!
You kill the kobold!
No target in view!
Items here: ( )) †.
Things that are here:
a +0 whip {mace}; a kobold corpse
There is a stone staircase leading up here.
v - a scroll labelled QAV PEXAROJ An endoplasm comes into view.
The helpless endoplasm fails to defend itself.
You skewer the endoplasm like a kebab!!!
You kill the endoplasm!
No target in view!
You pick up a book of Callings and begin reading...
You add the spells Summon Small Mammal, Call Canine Familiar and Summon Guardian Golem to your library.
Found a basalt altar of Yredelemnul.
An endoplasm comes into view.
You strike the helpless endoplasm from behind!
You impale the endoplasm!!
You kill the endoplasm!
No target in view!
w - a +1 scimitar of electrocution {long} You drop a +1 scimitar of electrocution {long}.
You now have 84 gold pieces (gained 12).
A kobold comes into view.
It is wielding a +0 short sword and quivering poisoned darts.
The helpless kobold fails to defend itself.
You impale the kobold!!
You kill the kobold!
No target in view!
Things that are here:
a +0 short sword {short}; 3 poisoned darts {throwing}; a kobold corpse An orc comes into view.
It is wielding a +0 club.
An orc wizard comes into view. It is wielding a +0 dagger.
The helpless orc fails to defend itself.
You impale the orc!!
You kill the orc!
An orc comes into view. It is wielding a +0 morningstar.
The orc shouts!
An orc wizard comes into view. It is wielding a +2 dagger of venom.
You closely miss the orc wizard.
The orc wizard mumbles some strange words.
The orc wizard flickers and vanishes!
Deactivating autopickup; reactivate with Ctrl-A.
You barely miss the orc wizard. The orc hits you with a +0 morningstar!
The orc wizard completely misses you.
HP[-11]
You take 11 damage, and now have 19/30 hp.
MASSIVE DAMAGE!! (PAUSE)
You puncture the orc wizard! You block the orc's attack.
The orc wizard closely misses you. Something hits you but does no damage.
You are poisoned.
You closely miss the orc wizard.
You feel very sick. The orc barely misses you.
The orc wizard hits you but does no damage.
Something hits you.
* * * LOW HITPOINT WARNING * * *
You are lethally poisoned!
HP[-8]
You take 8 damage, and now have 11/30 hp.
MASSIVE DAMAGE!! (PAUSE)
You hit the orc wizard.
* * * LOW HITPOINT WARNING * * *
You feel very sick. The orc hits you with a +0 morningstar.
* * * LOW HITPOINT WARNING * * *
The orc wizard points at you and mumbles some strange words.
You resist with some effort. Something hits you.
You die...

Skill      XL: |  1  2  3  4 |
---------------+-------------+-----
Stealth        | 2 3 4 5 |  5.0
Shields        | 2 |  2.6
Fighting       | |  2.1
Short Blades   | |  4.0
Throwing       | |  2.1
Dodging        | |  3.6

Action                   |  1- 3 |  4- 6 || total
-------------------------+-------+-------++-------
Melee: Rapier            |    89 |    36 ||   125
       Punch             |     1 |       ||     1
 Stab: Sleeping          |    17 |    13 ||    30
       Distracted        |       |     1 ||     1
Armor: Leather armour    |    12 |     4 ||    16
Dodge: Dodged            |    59 |     9 ||    68
Block: Buckler           |     1 |     3 ||     4

Levels and vault maps discovered:
D:1:      minmay_arrival_nine_rooms, layout_loops_cross
D:2:      layout_loops_ring, uniq_sigmund
D:3:      layout_basic, nicolae_overflow_hidden_temple, minmay_ruptured
D:4:      layout_rooms, mainiacjoe_overflow_large_starburst,
          serial_bayou_crossing

Notes
Turn   | Place    | Note
-------+----------+-------------------------------------------
     0 | D:1      | zeratav the Kobold Gladiator began the quest for the Orb.
     0 | D:1      | Reached XP level 1. HP: 12/12 MP: 1/1
     0 | D:1      | magus.rc [v1.9.6]
    82 | D:1      | Reached skill level 1 in Stealth
   164 | D:1      | Reached skill level 2 in Stealth
   164 | D:1      | Reached XP level 2. HP: 16/17 MP: 2/2
   362 | D:1      | Reached skill level 3 in Stealth
   628 | D:1      | Reached XP level 3. HP: 21/21 MP: 3/3
  1024 | D:1      | You pick up a book of Armaments and begin reading...
  1024 | D:1      | You add the spells Stone Arrow, Animate Armour and
                  | Lehudib's Crystal Spear to your library.
  1348 | D:2      | Reached skill level 4 in Stealth
  1839 | D:2      | Reached XP level 4. HP: 26/26 MP: 4/4
  1840 | D:2      | You pick up a book of Storms and begin reading...
  1840 | D:2      | You add the spells Airstrike, Summon Lightning Spire and
                  | Lightning Bolt to your library.
  1869 | D:2      | Noticed Sigmund
  2235 | D:3      | Reached skill level 1 in Shields
  2494 | D:3      | Noticed a scorpion
  2498 | D:3      | Killed a scorpion
  2499 | D:3      | Reached skill level 5 in Stealth
  2499 | D:3      | Reached skill level 2 in Shields
  2499 | D:3      | Reached XP level 5. HP: 30/30 MP: 5/5
  2872 | D:3      | Found a blossoming altar of Fedhas.
  3329 | D:4      | You pick up a book of Callings and begin reading...
  3329 | D:4      | You add the spells Summon Small Mammal, Call Canine
                  | Familiar and Summon Guardian Golem to your library.
  3335 | D:4      | Found a basalt altar of Yredelemnul.
  3376 | D:4      | HP: 2/30 [orc/+0 morningstar (6)]
  3376 | D:4      | Slain by an orc wizard

Vanquished Creatures
  A scorpion (D:3)
  3 adders
  A worm (D:2)
  2 dart slugs (D:3)
  3 orcs
  6 endoplasms
  2 giant cockroaches (D:1)
  3 goblins (D:1)
  3 hobgoblins
  4 quokkas
  7 ball pythons
  4 bats
  5 frilled lizards
  8 kobolds
  4 rats
56 creatures vanquished.

Table legend:
 A = Non-vault XP
 B = Vault XP
 C = Vault XP percentage of total XP
 D = Non-vault monster count
 E = Vault monster count
 F = Vault count percentage of total count
                 A         B        C        D         E       F
            +---------+---------+-------+---------+---------+-------
      Total |     206 |      13 |   5.9 |      55 |       1 |   1.8
            +---------+---------+-------+---------+---------+-------
        D:1 |      38 |       0 |   0.0 |      26 |       0 |   0.0
        D:2 |      37 |       0 |   0.0 |      14 |       0 |   0.0
        D:3 |     118 |      13 |   9.9 |       9 |       1 |  10.0
        D:4 |      13 |       0 |   0.0 |       6 |       0 |   0.0
            +---------+---------+-------+---------+---------+-------

Illustrated notes

Table legend:
 A = Kills in this place as a percentage of kills in entire the game.
 B = Kills by you in this place as a percentage of kills by you in the entire game.
 C = Kills by friends in this place as a percentage of kills by friends in the entire game.
 D = Other kills in this place as a percentage of other kills in the entire game.
 E = Experience gained in this place as a percentage of experience gained in the entire game.
 F = Experience gained in this place divided by the number of levels of this place that you have seen.
                   A       B       C       D       E      F
               +-------+-------+-------+-------+-------+----------------------
         Total | 100.0 | 100.0 |   N/A |   N/A | 100.0 |  54.8
       Dungeon | 100.0 | 100.0 |   N/A |   N/A | 100.0 |  54.8
               +-------+-------+-------+-------+-------+----------------------

Table legend: (Time is in decaauts)
 A = Elapsed time spent in this place.
 B = Non-inter-level travel time spent in this place.
 C = Inter-level travel time spent in this place.
 D = Time resting spent in this place.
 E = Time spent auto-exploring this place.
 F = Levels seen in this place.
 G = Mean time per level.
                   A        B        C        D        E       F      G
               +--------+--------+--------+--------+--------+-----+--------+
         Total |   3378 |   3240 |    138 |    471 |   2180 |   4 |  844.5 |
       Dungeon |   3378 |   3240 |    138 |    471 |   2180 |   4 |  844.5 |
               +--------+--------+--------+--------+--------+-----+--------+

Top non-repeatable levels by time:
     D:1: 1135 daAuts
     D:2: 1053 daAuts
     D:3: 1025 daAuts
     D:4: 164 daAuts
